 Dungeon Crawl Stone Soup version 0.31.0-32-g396128a36d (webtiles) character file.

Game seed: 880412748591482294

74 Alphaeus the Changeling (level 4, -1/33 HPs)
             Began as a Merfolk Shapeshifter on Mar 19, 2024.
             Slain by a goblin
             ... wielding a +0 club
             ... led by Robin
              (6 damage)
             ... on level 2 of the Dungeon.
             The game lasted 00:01:01 (932 turns).

Alphaeus the Changeling (Merfolk Shapeshifter)       Turns: 932, Time: 00:01:02

Health: -1/33      AC:  2    Str: 16    XL:     4   Next: 30%
Magic:  4/4        EV: 13    Int:  9    God:
Gold:   98         SH:  0    Dex: 13    Spells: 3/3 levels left

rFire   . .          .
                       - Unarmed
rCold   . . .        (no shield)
rNeg    . . .        a - +0 animal skin
rPois   .            (helmet currently unavailable)
rElec   .            (cloak currently unavailable)
rCorr   .            (gloves currently unavailable)
SInv    .            (boots currently unavailable)
Will    .....        (no amulet)
Stlth   +            (no ring)
HPRegen 0.25/turn    (no ring)
MPRegen 0.09/turn

%: no passive effects
@: beast-form
A: beast (slay +2), (nimble swimmer 2), mertail
a: Begin Untransformation


You were on level 2 of the Dungeon.
You were a hulking beast.
You visited 1 branch of the dungeon, and saw 2 of its levels.

You collected 98 gold pieces.

Inventory:

Armour
 a - a +0 animal skin (worn)
 h - a +2 kite shield
Jewellery
 l - an amulet of magic regeneration
Talismans
 c - a beast talisman
 d - a flux talisman
Scrolls
 f - a scroll of identify {unknown}
 k - a scroll of vulnerability {unknown}
Potions
 b - a potion of lignification
 e - a potion of curing {unknown}
 g - 2 potions of cancellation {unknown}
 i - a potion of might {unknown}
 j - a potion of brilliance {unknown}


   Skills:
 + Level 1.9 Fighting
 + Level 3.4 Dodging
 * Level 4.2 Unarmed Combat
 * Level 4.8 Shapeshifting


You had 3 spell levels left.
You didn't know any spells.
Your spell library was empty.

Dungeon Overview and Level Annotations

Branches:
Dungeon (2/15)

Altars:

Annotations:
D:2 Robin


Innate Abilities, Weirdness & Mutations

You are a hulking beast.
Your limbs bulge with bestial killing power. (Slay +2)
((You are very nimble when in or above water. (Stealth+, EV+, Speed+++)))
Your lower body shifts to a powerful aquatic tail in water.


Message History

There are monsters nearby!
There are monsters nearby!
The goblin hits you with a +0 dagger. The goblin attacks as it pursues you!
The goblin misses you.
A goblin comes into view. It is wielding a +0 club.
Robin says, "My goblins will feast on your bones."
The goblin attacks as it pursues you! The goblin hits you with a +0 dagger.
Robin says, "Bow before me, strongest of all the hobgoblins!"
Robin throws the goblin at you! The goblin closely misses you.
You barely miss the goblin. The goblin hits you with a +0 dagger.
The goblin hits you but does no damage.
The goblin shouts!
You punch the goblin!
You kill the goblin!
Robin says, "Feeling lonely?"
Robin roars a battlecry!
The goblins go into a battle-frenzy!
A goblin comes into view. It is wielding a +0 dagger.
The goblin hits you with a +0 dagger.
A goblin comes into view. It is wielding a +0 club.
The goblin hits you with a +0 dagger. The goblin completely misses you.
You see here a +0 dagger.
The goblin attacks as it pursues you! The goblin hits you but does no damage.
The goblin attacks as it pursues you! The goblin hits you with a +0 club.
The goblin attacks as it pursues you! The goblin barely misses you.
The goblin closely misses you.
A hobgoblin comes into view.
The goblin attacks as it pursues you! The goblin hits you with a +0 club.
You closely miss the hobgoblin. The hobgoblin hits you.
The goblin barely misses you.
You hit the hobgoblin.
The hobgoblin is severely wounded.
The hobgoblin closely misses you. The goblin hits you with a +0 club.
* * * LOW HITPOINT WARNING * * *
You closely miss the hobgoblin.
The hobgoblin is severely wounded.
The hobgoblin hits you but does no damage.
The goblin hits you with a +0 club.
You die...

#####.. ..#####.. .........
......... #........
#.......< #.## #........
#....#### #........ #..gh#
#........ ####g# #........
#g########........
#gg.#........##...
###g#........##...
############.g........##...
##...$gg.g.)...........##...
#.....g..g.g........#####...
#....####..).........# #...


You could see a hobgoblin and 4 goblins.

Vanquished Creatures
  Natasha (D:2)
  A gnoll (D:1)
  An adder (D:2)
  A dart slug (D:1)
  3 endoplasms
  5 goblins
  3 hobgoblins (D:1)
  3 quokkas (D:1)
  A ball python (D:1)
  4 bats
  3 kobolds
  2 rats
28 creatures vanquished.

Notes
Turn   | Place    | Note
-------+----------+-------------------------------------------
     0 | D:1      | Alphaeus the Merfolk Shapeshifter began the quest for the
                  | Orb.
     0 | D:1      | Reached XP level 1. HP: 15/15 MP: 1/1
    98 | D:1      | Found a faded altar of an unknown god.
   106 | D:1      | Reached XP level 2. HP: 21/21 MP: 2/2
   456 | D:1      | Reached XP level 3. HP: 7/26 MP: 3/3
   685 | D:2      | Noticed Natasha
   693 | D:2      | Killed Natasha
   694 | D:2      | Reached XP level 4. HP: 30/33 MP: 4/4
   911 | D:2      | Noticed Robin
   932 | D:2      | Slain by a goblin

Illustrated notes

Levels and vault maps discovered:
D:1:      ncdulo_wetmaze, layout_rooms, ebering_ecumenical_altar_mist,
          roderic_roman_lattice
D:2:      layout_basic, uniq_crazy_yiuf_cottage, uniq_robin, uniq_natasha

Skill      XL: |  1  2  3 |
---------------+----------+-----
Dodging        | 3 |  3.4
Unarmed Combat | 4 |  4.2
Fighting       | |  1.9
Shapeshifting  | |  4.8

Action                     |  1- 3 |  4- 6 || total
---------------------------+-------+-------++-------
  Melee: Unarmed           |    51 |    17 ||    68
         Punch             |     1 |     1 ||     2
   Stab: Sleeping          |     1 |       ||     1
 Armour: Animal skin       |    17 |    22 ||    39
  Dodge: Dodged            |    36 |    10 ||    46
